 Dungeon Crawl Stone Soup version 0.20-a0-949-g916514f (webtiles) character file.

2654 Deemzul the Nimble (level 9, -11/62 HPs)
             Began as an Octopode Fighter on Apr 4, 2017.
             Was a Follower of Trog.
             Mangled by a meliai
             ... wielding a +0 hand axe
              (12 damage)
             ... on level 7 of the Dungeon.
             The game lasted 00:07:07 (6462 turns).

Deemzul the Nimble (Octopode Fighter)               Turns: 6462, Time: 00:07:09

Health: -11/62     AC:  1    Str: 13 (15) XL:     9   Next: 62%
Magic:  9/9        EV: 18    Int:  9 (10) God:    Trog [*.....]
Gold:   385        SH:  0    Dex: 14 (15) Spells: 8/8 levels left

rFire    . . .     SeeInvis .   p - +2 long sword (slice)
rCold    . . .     Gourm    .   B - +0 buckler
rNeg     . . .     Faith    .   (helmet restricted)
rPois    .         Spirit   .   w - amulet of regeneration
rElec    .         Reflect  .   (no ring)
rCorr    .         Harm     .   (no ring)
MR       .....                  (no ring)
Stlth    ++........             (no ring)
Regen    0.6/turn               (no ring)
MPRegen  0.2/turn               (no ring)
                                (no ring)
                                (no ring)

@: confused, lethally poisoned (-11 -> -53), about to teleport
A: almost no armour, stealthy swim, amphibious, 8 rings, constrict 8, camouflage
1, gelatinous body 1
a: Berserk, Burn Spellbooks, Renounce Religion


You were on level 7 of the Dungeon.
You worshipped Trog.
Trog was aware of your devotion.
You were not hungry.

You visited 2 branches of the dungeon, and saw 8 of its levels.
You also visited: Ossuary.

You collected 385 gold pieces.

Inventory:

Hand Weapons
 p - a +2 long sword of slicing (weapon)
Armour
 b - a +0 shield
 B - a +0 buckler (worn)
Jewellery
 w - an amulet of regeneration (around mantle)
Wands
 y - a wand of disintegration (10/24)
 F - a wand of digging (11/24)
Scrolls
 e - a scroll of fog {unknown}
 f - 6 scrolls of identify {unknown}
 g - 2 scrolls of teleportation
 i - 2 scrolls of noise {unknown}
 m - 5 scrolls of enchant weapon {unknown}
 n - 2 scrolls of enchant armour {unknown}
 o - a scroll of recharging {unknown}
 q - a scroll of remove curse {unknown}
 r - 2 scrolls of fear {unknown}
 s - 3 scrolls of amnesia {unknown}
 z - a scroll of acquirement {unknown}
 C - a scroll of magic mapping {unknown}
Potions
 a - 2 potions of degeneration
 c - 2 potions of might
 j - a potion of curing {unknown}
 l - a potion of flight
 t - a potion of magic {unknown}
 u - a potion of agility {unknown}
 v - a potion of lignification
 x - 2 potions of heal wounds
Comestibles
 d - 3 bread rations
 h - 13 fruits
 k - 3 meat rations
 D - 3 chunks of flesh
 E - a royal jelly


   Skills:
 + Level 5.7 Fighting
 * Level 7.5 Long Blades
 * Level 8.0 Dodging
 + Level 6.9 Stealth
 + Level 4.1 Shields


You had 8 spell levels left.
You didn't know any spells.

Dungeon Overview and Level Annotations

Branches:
Dungeon (7/15)             Temple (1/1) D:6

Altars:
Ashenzari
Cheibriados
Dithmenos
Elyvilon
Fedhas
Gozag
Hepliaklqana
Kikubaaqudgha
Makhleb
Nemelex Xobeh
Okawaru
Qazlal
Ru
Sif Muna
Trog
Uskayaw
Vehumet
Wu Jian
Xom
Yredelemnul
Zin
The Shining One


Innate Abilities, Weirdness & Mutations

You cannot wear most types of armour.
You are very stealthy in the water. (Stealth+)
You are amphibious.
You can wear up to eight rings at the same time.
You can use your tentacles to constrict eight enemies at once.
Your skin changes colour to match your surroundings (Stealth+).
Your rubbery body absorbs attacks. (AC +1, EV +1)


Message History

The meliai completely misses you.
You feel much better.
You feel sick. The meliai hits you but does no damage. The meliai stings you!
* * * LOW HITPOINT WARNING * * *
You are lethally poisoned!
The meliai poisons you! The meliai hits you with a hand axe!
* * * LOW HITPOINT WARNING * * *
The meliai stings you!
* * * LOW HITPOINT WARNING * * *
You are more poisoned.
The meliai poisons you!
Unknown command.
It was a potion of ambrosia.
You are confused.
You feel invigorated.
* * * LOW HITPOINT WARNING * * *
You feel very sick.
The death knight's dark mirror aura disappears.
The meliai hits you with a hand axe!
You die...

#.#####.#†###########.
#....)..†...(.... ...
#..#####.######## ###
#..#.......
#..#..####... #..#.#
.##..# #..#.# #.##.#
#....## #..#...
#..#.@###..# ##
#..#..y....#
#..##.p...##
#..####..## #..# ##.#
#..# .... #.. ....##
..##. ### #.


You could see a death knight and a meliai.

Vanquished Creatures
  A hippogriff (D:7)
  2 ice beasts
  A sky beast (D:4)
  An orc warrior (D:7)
  A black bear (D:6)
  A necrophage (D:7)
  2 phantoms (D:4)
  2 ogres (D:7)
  A centaur (D:6)
  3 bullfrogs (D:6)
  5 water moccasin zombies (Ossuary)
  A scorpion (D:5)
  5 killer bees (D:7)
  A crimson imp (D:6)
  A bullfrog zombie (D:6)
  4 hounds
  2 bullfrog skeletons (D:5)
  Terence (D:3)
  3 iguanas
  3 orc wizards
  A worker ant (D:4)
  2 big kobold zombies (Ossuary)
  3 mummies
  A gnoll (D:5)
  11 adders
  2 shadow imps
  3 adder zombies (Ossuary)
  An adder skeleton (D:4)
  2 worms
  7 dart slugs
  3 leopard geckos
  16 orcs
  3 gnoll zombies (Ossuary)
  8 goblins
  6 hobgoblins
  2 jackals (D:4)
  5 quokkas
  2 ball pythons
  4 bats
  4 frilled lizards
  2 hobgoblin zombies (Ossuary)
  A jackal skeleton (D:7)
  A jackal zombie (D:6)
  5 kobolds
  3 kobold zombies (Ossuary)
  5 orc zombies (Ossuary)
  4 rats
148 creatures vanquished.

Vanquished Creatures (others)
  An orc zombie (Ossuary)
1 creature vanquished.

Grand Total: 149 creatures vanquished

Notes
Turn   | Place    | Note
-------+----------+-------------------------------------------
     0 | D:1      | Deemzul the Octopode Fighter began the quest for the Orb.
     0 | D:1      | Reached XP level 1. HP: 16/16 MP: 1/1
    44 | D:1      | Reached skill level 1 in Stealth
    44 | D:1      | Reached XP level 2. HP: 18/21 MP: 2/2
   489 | D:1      | Reached XP level 3. HP: 26/26 MP: 3/3
   834 | D:2      | Found a basalt altar of Yredelemnul.
   889 | D:2      | Found a sparkling altar of Nemelex Xobeh.
   889 | D:2      | Found a hazy altar of Hepliaklqana.
   890 | D:2      | Found a hide-covered altar of Uskayaw.
  1364 | D:3      | Reached XP level 4. HP: 26/31 MP: 4/4
  1491 | D:3      | Found a shadowy altar of Dithmenos.
  1586 | D:3      | Reached skill level 4 in Dodging
  1700 | D:3      | HP: 1/31 [something/puff of flame (8)]
  1702 | D:3      | Reached XP level 5. HP: 1/36 MP: 5/5
  2036 | D:3      | Noticed Terence
  2046 | D:3      | Killed Terence
  2285 | D:3      | Found a snail-covered altar of Cheibriados.
  2451 | D:4      | Reached XP level 6. HP: 35/43 MP: 6/6
  2728 | D:4      | Noticed a phantom
  2750 | D:4      | Killed a phantom
  3026 | D:4      | Reached skill level 5 in Dodging
  3035 | D:4      | Noticed a phantom
  3068 | D:4      | Killed a phantom
  3068 | D:4      | Reached XP level 7. HP: 22/48 MP: 7/7
  3569 | D:5      | Entered Level 5 of the Dungeon
  3685 | D:5      | Reached skill level 5 in Long Blades
  3847 | D:5      | Found a sand-covered staircase.
  3921 | Ossuary  | Entered an ossuary
  4018 | Ossuary  | Reached skill level 6 in Dodging
  4018 | Ossuary  | Reached XP level 8. HP: 32/54 MP: 8/8
  4338 | Ossuary  | Reached skill level 5 in Stealth
  5185 | D:6      | Reached skill level 5 in Fighting
  5185 | D:6      | Reached skill level 7 in Dodging
  5341 | D:6      | Found a radiant altar of Vehumet.
  5341 | D:6      | Found a burning altar of Makhleb.
  5430 | D:6      | Reached XP level 9. HP: 61/61 MP: 9/9
  5529 | D:6      | Found a staircase to the Ecumenical Temple.
  5554 | D:6      | Found a sacrificial altar of Ru.
  5564 | D:6      | Found a shattered altar of Ashenzari.
  5610 | Temple   | Entered the Ecumenical Temple
  5726 | Temple   | Became a worshipper of Trog the Wrathful
  6136 | D:7      | Found an iron altar of Okawaru.
  6210 | D:7      | Reached skill level 8 in Dodging
  6382 | D:7      | Noticed a troll
  6449 | D:7      | Reached * piety under Trog
  6452 | D:7      | Noticed a death knight
  6456 | D:7      | Noticed a meliai
  6461 | D:7      | HP: 1/62 [meliai/hand axe (7)]
  6462 | D:7      | Mangled by a meliai

Vault maps used:
D:1:      sevenhm_arrival_forest_fort_small_3
D:2:      chequers_temple_overflow_statue_of_worship, first_bread
D:3:      grunt_dithmenos_smoke, kennysheep_slug_shrine, uniq_terence
D:5:      gup_ossuary_entry_pyramid, minmay_bent
D:6:      grunt_temple_overflow_lords_of_destruction, minitemple,
          minmay_temple_entry_trees
D:7:      kennysheep_mini, minmay_the_grid_3x3
Temple:   minmay_temple_bridge_abc
Ossuary:  ossuary_tomb_2

Skill      XL: |  1  2  3  4  5  6  7  8  9 |
---------------+----------------------------+-----
Stealth        | 1 2 3 4 6 |  6.9
Long Blades    | 3 4 5 6 7 |  7.5
Dodging        | 4 5 6 7 8 |  8.0
Fighting       | 4 5 |  5.7
Shields        | 4 |  4.1

Action                   |  1- 3 |  4- 6 |  7- 9 || total
-------------------------+-------+-------+-------++-------
Melee: Long sword        |    56 |    95 |   212 ||   363
       Constrict         |    17 |    15 |    48 ||    80
       Tentacles         |    12 |    17 |    46 ||    75
  Use: Potion            |       |       |     6 ||     6
       Scroll            |       |       |     1 ||     1
 Stab: Sleeping          |    11 |    16 |    17 ||    44
  Eat: Chunk             |       |     6 |    12 ||    18
Armor: Skin              |     6 |     1 |    19 ||    26
Dodge: Dodged            |    24 |    33 |   127 ||   184
Block: Shield            |    25 |    36 |    50 ||   111
       Buckler           |       |       |    26 ||    26
       Rpst.: Long sword |    13 |    10 |    33 ||    56
